Map: Chantier naval orbital

Players

Jonny

  • Race: Zerg Zerg
  • League: Gold

Worming - Winner!

  • Race: Zerg Zerg
  • League: Platinum

VOD

Have the link to the VOD?

Description

Time

  • Played on: Nov. 11, 2015, 2:40 p.m.
  • Length: 8:37
Show
View Real Time Build Order
Export as new Build Order

Jonny Zerg 

Build Orders: Hatch First, Zergling Baneling 

Get SALT Encoding   

  12  0:01  Drone  
  13  0:12  Overlord  
  13  0:17  Drone  
  14  0:31  Drone x2  
  14  0:34  Drone  
  17  0:51  Hatchery  
  17  0:54  Drone  
  17  0:57  Drone  
  18  1:08  Extractor  
  17  1:12  Spawning Pool  
  17  1:14  Drone  
  17  1:18  Drone  
  18  1:28  Drone  
  19  1:39  Overlord  
  19  1:50  Drone  
  20  2:01  Queen  
  20  2:03  Queen  
  20  2:04  Drone x2  
  26  2:11  Metabolic Boost  
  26  2:14  Drone x2  
  28  2:25  Drone x2  
  30  2:30  Extractor  
  29  2:38  Spine Crawler  
  29  2:39  Spine Crawler  
  29  2:42  Zergling x4  
  29  2:46  Baneling Nest  
  29  2:50  Spine Crawler  
  27  2:53  Zergling x4  
  27  2:58  Zergling x4  
  31  3:26  Baneling Nest  
  31  3:41  Lair  
  31  3:44  Zergling x6  
  31  3:45  Zergling x4  
  31  3:46  Overlord x2  
  36  3:55  Baneling x5  
  36  3:56  Baneling  
  36  4:22  Zergling x8  
  36  4:23  Zergling x6  
  36  4:24  Baneling x5  
  35  4:55  Drone x5, Spire  
  35  4:59  Extractor  
  38  5:14  Zergling x8  
  41  5:28  Baneling  
  41  5:29  Baneling x4  
  41  5:33  Drone x2  
  41  5:34  Drone x3  
  40  5:57  Drone x3, Extractor  
  40  5:58  Overlord x2  
  42  6:13  Mutalisk x3  
  48  6:20  Drone x2  
  48  6:22  Drone  
  50  6:31  Mutalisk x2  
  54  6:43  Drone x3  
  54  6:45  Drone x3  
  58  7:03  Zergling x4  
  58  7:04  Zergling x12  
  62  7:15  Zergling x8  
  64  7:29  Zergling x2  
  58  7:30  Zergling x8  
  58  7:31  Spire  
  49  7:45  Spire  
  40  7:55  Drone x4  
  40  7:56  Drone  
  45  8:03  Drone  
  48  8:12  Overseer  
  48  8:15  Zergling x4  
Show
View Real Time Build Order
Export as new Build Order

Worming Zerg - Winner!

Build Orders: Hatch First 

Get SALT Encoding   

  12  0:01  Drone  
  13  0:13  Overlord  
  13  0:17  Drone  
  14  0:31  Drone x2  
  16  0:37  Drone  
  17  0:54  Hatchery  
  17  0:56  Drone  
  17  1:08  Extractor  
  16  1:13  Spawning Pool  
  16  1:14  Drone  
  16  1:17  Drone  
  17  1:22  Drone  
  18  1:35  Drone  
  18  1:39  Drone  
  20  1:50  Overlord  
  20  2:01  Queen  
  20  2:06  Queen, Zergling x2  
  20  2:07  Zergling x2  
  26  2:12  Drone  
  27  2:19  Drone  
  27  2:22  Metabolic Boost  
  28  2:24  Drone  
  29  2:41  Queen  
  29  2:42  Drone x3  
  34  2:49  Baneling Nest  
  33  2:52  Drone, Overlord  
  33  3:17  Zergling x2  
  33  3:18  Zergling x8  
  37  3:25  Lair  
  37  3:29  Drone x3  
  37  3:30  Drone x2, Roach Warren  
  37  3:31  Drone  
  42  3:36  Baneling x2  
  42  3:41  Baneling, Overlord  
  42  4:04  Extractor  
  42  4:05  Extractor  
  42  4:06  Drone x3  
  42  4:07  Drone x2  
  42  4:08  Drone, Overlord  
  42  4:09  Zergling x4  
  45  4:35  Zergling x2  
  45  4:36  Zergling x8  
  50  4:41  Zergling x4  
  50  4:43  Baneling x3  
  50  4:55  Drone x3  
  50  4:58  Roach, Glial Reconstitution  
  55  5:02  Roach  
  57  5:09  Queen  
  59  5:16  Overlord x3  
  59  5:20  Hatchery  
  58  5:28  Overlord  
  58  5:41  Roach x2  
  58  5:42  Roach x7  
  67  6:09  Roach x9  
  85  6:20  Zergling x2  
  86  6:32  Roach x2  
  96  6:33  Roach x3  
  96  6:37  Drone  
  96  6:38  Hydralisk Den  
  96  6:42  Extractor  
  96  6:44  Drone x2  
  97  6:53  Spore Crawler x2  
  95  7:00  Spore Crawler  
  88  7:24  Roach x2  
  88  7:25  Roach x5  
  88  7:26  Overlord x2  
  88  7:28  Drone x4  
  88  7:29  Drone  
  93  7:32  Spore Crawler  
  86  7:42  Hydralisk  
  86  7:43  Hydralisk  
  80  7:56  Roach  
  80  7:57  Roach x2  
  74  8:05  Drone  
  73  8:06  Evolution Chamber  
  71  8:18  Drone x2  
Tags
 
Add a new tag
Caveats
  • Supply blocks, unpowered buildings, or Contaminate may cause inaccurate times.
  • Supply counts are checked every 10 seconds.